 Dungeon Crawl Stone Soup version 0.27-a0-1232-gc6a4cbde82 (webtiles) character file.

Game seed: 12443927611741665062

1344 robertstho the Magician (level 8, -3/52 HPs)
             Began as a Djinni Fire Elementalist on June 8, 2021.
             Slain by a water moccasin (8 damage)
             ... on level 5 of the Dungeon.
             The game lasted 00:08:57 (7638 turns).

robertstho the Magician (Djinni Fire Elementalist)  Turns: 7638, Time: 00:08:58

Health: -3/52      AC:  4    Str:  7    XL:     8   Next: 93%
Gold:   250        EV: 12    Int: 19    God:
                   SH:  3    Dex: 14

rFire    + + .     SeeInvis .   c - +1 dagger (venom)
rCold    + . .     Faith    .   h - +0 buckler
rNeg     . . .     Spirit   .   a - +0 robe
rPois    ∞         Reflect  .   (no helmet)
rElec    .         Harm     .   (no cloak)
rCorr    .         Rampage  .   v - +1 pair of gloves
Will     .....                  (boots unavailable)
Stlth    ++........             (no amulet)
HPRegen  0.17/turn              d - ring of protection from cold
MPRegen  0.00/turn              e - ring of protection from cold

@: flying, very slightly contaminated
A: sickness immunity, fire resistance 2, cold vulnerability 1, float, innate
caster, hp casting, extra vitality 1
a: no special abilities


You were on level 5 of the Dungeon.
You visited 1 branch of the dungeon, and saw 5 of its levels.

You collected 250 gold pieces.

Inventory:

Hand Weapons
 c - a +1 dagger of venom (weapon)
Armour
 a - a +0 robe (worn)
 h - a +0 buckler (worn)
 v - a +1 pair of gloves (worn)
Jewellery
 d - a ring of protection from cold (left hand)
 e - a ring of protection from cold (right hand)
 g - a +4 ring of evasion
 s - the ring of Yco Kiec {AC+4 Dex+2 Slay+6}
   (You found it on level 5 of the Dungeon)

   [ring of protection]

   It affects your AC (+4).
   It affects your dexterity (+2).
   It affects your accuracy and damage with ranged weapons and melee attacks
   (+6).
 t - a ring of positive energy
 u - a ring of ice
Wands
 q - a wand of digging (6)
Scrolls
 b - 2 scrolls of teleportation
 f - 2 scrolls of noise {unknown}
 j - a scroll of silence {unknown}
 k - 2 scrolls of holy word {unknown}
 m - 2 scrolls of enchant armour {unknown}
 n - a scroll of brand weapon
 w - a scroll of torment {unknown}
Potions
 i - 4 potions of heal wounds
 l - a potion of curing {unknown}
 o - 2 potions of ambrosia {unknown}
 p - a potion of haste {unknown}
 r - 2 potions of flight {unknown}
 x - 2 potions of degeneration {unknown}


   Skills:
 + Level 1.3 Fighting
 + Level 0.3 Short Blades
 + Level 3.5 Dodging
 + Level 2.9 Stealth
 + Level 0.3 Shields
 * Level 7.5 Spellcasting


You couldn't memorise any spells.
You knew the following spells:

 Your Spells              Type           Power      Damage    Failure   Level
a - Foxfire               Conj/Fire      100%       2x1d9     1%          1
b - Conjure Flame         Conj/Fire      35%        6-21      1%          3
c - Inner Flame           Hex/Fire       35%        N/A       1%          3
d - Sticky Flame          Conj/Fire      35%        2d5       7%          4
e - Fireball              Conj/Fire      17%        3d9       19%         5
f - Apportation           Tloc           70%        N/A       1%          1
g - Slow                  Hex            35%        N/A       1%          2
h - Portal Projectile     Hex/Tloc       70%        N/A       1%          3
Your spell library was empty.

Dungeon Overview and Level Annotations

Branches:
Dungeon (5/15)
 Temple: D:4-7

Altars:
Nemelex Xobeh
Okawaru
Sif Muna


Innate Abilities, Weirdness & Mutations

You are immune to sickness and miasma.
You are immune to poison.
Your flesh is very heat resistant. (rF++)
You are vulnerable to cold. (rC-)
You float through the air rather than walking.
You learn spells naturally, not from books.
Your magical power is your life essence.
You have superior vitality. (+4 HP)


Message History

Unknown command.
Casting: Foxfire (safe; 1% risk of failure)
Press: ? - help, Q - select action, (/) - cycle Dir - look around, f - activate You conjure some foxfire!
The foxfire hits the ogre!
The ogre is severely wounded.
Unknown command.
Your foxfire dissipates!
Casting: Foxfire (safe; 1% risk of failure)
Press: ? - help, Q - select action, (/) - cycle Dir - look around, f - activate You conjure some foxfire!
The foxfire hits the ogre.
The ogre is almost dead.
A hound comes into view.
Casting: Foxfire (safe; 1% risk of failure)
Press: ? - help, Q - select action, (/) - cycle Dir - look around, f - activate You conjure some foxfire!
The foxfire hits the ogre.
You kill the ogre!
The foxfire hits the water moccasin.
The water moccasin is moderately wounded.
Casting: Foxfire (safe; 1% risk of failure)
Press: ? - help, Q - select action, (/) - cycle Dir - look around, f - activate You conjure some foxfire!
The water moccasin bites you. The water moccasin bites you.
Unknown command.
Casting: Foxfire (safe; 1% risk of failure)
Confirm with . or Enter, or press ? or * to list all spells.
Aiming: Sticky Flame (dangerous; 7% risk of failure)
Press: ? - help, Shift-Dir - straight line, f - water moccasin
Aim: a water moccasin (lightly wounded, ally target, 100% to hit)
You miscast Sticky Flame.
You are very lightly contaminated with residual magic.
Nothing appears to happen.
* * * LOW HITPOINT WARNING * * *
The water moccasin bites you!
* * * LOW HITPOINT WARNING * * *
The water moccasin bites you!
You die...

##..##...#
#.........#..
#....##..#
#.###............
#....##..#
#......8.8.8.8.8.
......#.##
#..##.......S....
..#...#.#
#..##.8.8.8.8.8
.##.....#
#..##.........
.##.#####
#..>......#.#
....#
##.#######.##
##### #.S@v..§)##
#########.# #.#
#.# ##


You could see a water moccasin (ally target).

Vanquished Creatures
  A steam dragon (D:4)
  3 ogres
  A sky beast (D:5)
  A necrophage (D:3)
  2 phantoms
  Blork the orc (D:4)
  A water moccasin zombie (D:5)
  A bullfrog zombie (D:5)
  2 orc priests (D:4)
  2 iguanas
  3 orc wizards
  A hound skeleton (D:5)
  A howler monkey skeleton (D:4)
  8 adders
  7 gnolls
  An ufetubus (D:5)
  2 adder skeletons (D:4)
  4 worms
  3 dart slugs
  6 orcs
  10 bats
  6 endoplasms
  4 giant cockroaches
  9 goblins
  6 hobgoblins
  9 jackals
  6 kobolds
  6 quokkas
  16 ball pythons
  5 frilled lizards
  A quokka skeleton (D:4)
  4 rats
133 creatures vanquished.

Vanquished Creatures (collateral kills)
  13 foxfires
13 creatures vanquished.

Vanquished Creatures (others)
  An adder skeleton (D:4)
  539 foxfires
  61 plants (D:1)
601 creatures vanquished.

Grand Total: 747 creatures vanquished

Notes
Turn   | Place    | Note
-------+----------+-------------------------------------------
     0 | D:1      | robertstho the Djinni Fire Elementalist began the quest for
                  | the Orb.
     0 | D:1      | Reached XP level 1. HP: 15/15 MP: 0/0
   305 | D:1      | Reached XP level 2. HP: 18/21 MP: 0/0
   511 | D:1      | Reached skill level 3 in Spellcasting
   863 | D:1      | Reached XP level 3. HP: 11/25 MP: 0/0
   863 | D:1      | Learned a level 1 spell: Apportation
  2157 | D:1      | Reached XP level 4. HP: 19/31 MP: 0/0
  2534 | D:2      | Found a faded altar of an unknown god.
  2891 | D:2      | Reached XP level 5. HP: 32/36 MP: 0/0
  2891 | D:2      | Learned a level 2 spell: Slow
  3543 | D:2      | Reached skill level 4 in Spellcasting
  3901 | D:2      | Reached XP level 6. HP: 35/41 MP: 0/0
  4503 | D:3      | Noticed a necrophage
  4512 | D:3      | Killed a necrophage
  4513 | D:3      | Reached skill level 1 in Fighting
  5069 | D:4      | Reached skill level 5 in Spellcasting
  5069 | D:4      | Reached XP level 7. HP: 29/47 MP: 0/0
  5069 | D:4      | Learned a level 3 spell: Portal Projectile
  5208 | D:4      | Found an iron altar of Okawaru.
  5322 | D:4      | Noticed a steam dragon
  5334 | D:4      | Killed a steam dragon
  5519 | D:4      | Reached skill level 6 in Spellcasting
  5524 | D:4      | Reached XP level 8. HP: 43/52 MP: 0/0
  5527 | D:4      | Noticed Blork the orc
  5538 | D:4      | Killed Blork the orc
  6352 | D:5      | Entered Level 5 of the Dungeon
  6363 | D:5      | Identified the ring of Yco Kiec {AC+4 Dex+2 Slay+6}
  6944 | D:5      | Found a sparkling altar of Nemelex Xobeh.
  7224 | D:5      | Reached skill level 7 in Spellcasting
  7638 | D:5      | Slain by a water moccasin

Illustrated notes

Levels and vault maps discovered:
D:1:      lemuel_arrival_tunnels, layout_loops_ring, serial_bayou_pond_b,
          kennysheep_boxes
D:2:      wad_river_or_something, layout_basic,
          hellmonk_ecumenical_altar_run_dry, grunt_ministairs_7, minmay_circle_x
D:3:      layout_rooms, marbit_many_paths, minmay_surrounded
D:4:      layout_rooms, okawaru_metal_pillars_1_2, uniq_blork_the_orc
D:5:      layout_loops_corners, nemelex_diamond_rough_becter,
          minmay_misc_feat_x, serial_bayou_lagoon_a, minmay_misc_feat_pillars,
          minmay_misc_feat_chi

Skill      XL: |  1  2  3  4  5  6  7  8 |
---------------+-------------------------+-----
Spellcasting   | 3 4 5 6 7 |  7.5
Stealth        | 2 |  2.9
Fighting       | 1 |  1.3
Dodging        | 3 |  3.5
Short Blades   | |  0.3
Shields        | |  0.3

Action                   |  1- 3 |  4- 6 |  7- 9 || total
-------------------------+-------+-------+-------++-------
Melee: Dagger            |    26 |    29 |     8 ||    63
 Cast: Foxfire           |    58 |   137 |   147 ||   342
       Sticky Flame      |       |       |     4 ||     4
       Fireball          |       |       |     1 ||     1
       Conjure Flame     |       |       |     1 ||     1
  Use: Potion            |     1 |       |       ||     1
       Scroll            |       |       |     3 ||     3
 Stab: Sleeping          |       |     1 |       ||     1
Armor: Robe              |     8 |     6 |     4 ||    18
Dodge: Dodged            |    32 |    26 |    23 ||    81
Block: Buckler           |       |    10 |     2 ||    12

Table legend: (Time is in decaauts)
 A = Elapsed time spent in this place.
 B = Non-inter-level travel time spent in this place.
 C = Inter-level travel time spent in this place.
 D = Time resting spent in this place.
 E = Time spent auto-exploring this place.
 F = Levels seen in this place.
 G = Mean time per level.
                   A        B        C        D        E       F      G
               +--------+--------+--------+--------+--------+-----+--------+
         Total |   7638 |   7469 |    169 |    244 |   6275 |   5 | 1527.6 |
       Dungeon |   7638 |   7469 |    169 |    244 |   6275 |   5 | 1527.6 |
               +--------+--------+--------+--------+--------+-----+--------+

Top non-repeatable levels by time:
     D:1: 2272 daAuts
     D:2: 1859 daAuts
     D:4: 1290 daAuts
     D:5: 1286 daAuts
     D:3: 929 daAuts
